 Dungeon Crawl Stone Soup version 0.29.0-4-gdea44cf6ec (webtiles) character file.

Game seed: 886554710599709011

15625 sanka the Martial Artist (level 12, -3/92 HPs)
             Began as a Barachi Transmuter on Aug 27, 2022.
             Was a High Priest of Okawaru.
             Slain by a troll (5 damage)
             ... while petrified by a basilisk
             ... on level 10 of the Dungeon.
             The game lasted 00:29:24 (11952 turns).

sanka the Martial Artist (Barachi Transmuter)      Turns: 11952, Time: 00:29:25

Health: -3/92      AC:  2    Str: 11    XL:     12   Next: 29%
Magic:  19/19      EV:  5    Int: 21    God:    Okawaru [*****.]
Gold:   1303       SH:  0    Dex: 18    Spells: 15/21 levels left

rFire   . . .      SeeInvis .     - Unarmed
rCold   . . .      Faith    .   (shield currently unavailable)
rNeg    + + +      Spirit   .   (body armour currently unavailable)
rPois   ∞          Reflect  .   (helmet currently unavailable)
rElec   .          Harm     .   (cloak currently unavailable)
rCorr   .          Rampage  .   (gloves currently unavailable)
Will    .....      Clarity  +   (boots currently unavailable)
Stlth   ++........              e - amulet of regeneration
HPRegen 1.05/turn               (no ring)
MPRegen 0.16/turn               (no ring)

@: lethally poisoned (-3 -> -3), spider-form (expiring), petrified, wereblooded
(expiring)
A: venomous fangs, (amphibious), tiny, (slowness 1), (strong legs 1), +LOS,
clarity, clever 1, (fire resistance 1)
a: End Transformation, Renounce Religion, Heroism, Finesse, Duel


You were on level 10 of the Dungeon.
You worshipped Okawaru.
Okawaru was extremely pleased with you.
You were a venomous arachnid creature.
You visited 2 branches of the dungeon, and saw 12 of its levels.

You collected 1388 gold pieces.
You spent 85 gold pieces at shops.


Innate Abilities, Weirdness & Mutations

You are a venomous arachnid creature.
You have poisonous fangs.
You are tiny and dextrous.
You are immune to poison.
Your spellcasting is less reliable in this form.
Your armour is entirely melded.
You are incapable of wielding weapons or throwing items.
((You are amphibious.))
((You cover ground slowly.))
((You can hop short distances.))
You have an extended range of vision and can be seen from far away.
You possess an exceptional clarity of mind.
Your mind is acute. (Int +4, Str/Dex -1)
((Your flesh is heat resistant. (rF+)))


   Skills:
 - Level 8.0 Fighting
 - Level 10.0 Dodging
 + Level 13.4 Unarmed Combat
 - Level 5.0 Spellcasting
 - Level 10.0 Transmutations
 - Level 3.0 Poison Magic
 - Level 4.0 Invocations


You had 15 spell levels left.
You knew the following spells:

 Your Spells              Type           Power      Damage    Failure   Level
x - Spider Form           Tmut/Pois      32%        N/A       9%          3
y - Wereblood             Tmut           47%        N/A       2%          2
z - Beastly Appendage     Tmut           94%        N/A       2%          1

Your spell library contained the following spells:

 Spells                   Type           Power      Damage    Failure   Level
 Necrotise                Necr           20%        1d5       26%         1
 Ice Form                 Ice/Tmut       26%        N/A       32%         4
 Olgreb's Toxic Radiance  Pois           17%        N/A       52%         4
 Vampiric Draining        Necr           5%         2d6       54%         3
 Agony                    Necr           5%         N/A       99%         5
 Freezing Cloud           Conj/Ice/Air   2%         6-21      99%         5
 Ozocubu's Refrigeration  Ice            2%         4d8       100%        7
 Ignition                 Fire           2%         3d3       100%        8
 Polar Vortex             Ice            2%         N/A       100%        9
 Simulacrum               Ice/Necr       Unusable   N/A       N/A         6

Inventory:

Missiles
 r - a curare-tipped dart {=f}
 v - 6 throwing nets {=f}
Armour
 g - a +0 hat of see invisible
 j - a +2 helmet (melded)
 m - a +0 pair of gloves (melded)
 n - a +0 pair of boots (melded)
 C - a +0 cloak of willpower (melded)
 L - a +0 troll leather armour (melded)
Magical Staves
 M - a staff of air
 O - a staff of poison
Jewellery
 e - an amulet of regeneration (around neck)
 E - a ring of ice
 H - an amulet of the acrobat
Wands
 d - a wand of roots (18)
 i - a wand of quicksilver (8)
 k - a wand of flame (34)
 y - a wand of mindburst (11)
Scrolls
 a - a scroll of enchant armour
 c - 2 scrolls of fear
 f - 5 scrolls of teleportation {@r4}
 q - 2 scrolls of vulnerability {!r}
 w - a scroll of silence {unknown}
 x - 2 scrolls of poison {!r}
 F - 3 scrolls of noise {!r}
 G - a scroll of torment {!r}
 I - 2 scrolls of amnesia
 J - a scroll of acquirement
 K - a scroll of enchant weapon {unknown}
 P - a scroll of identify {@r1}
Potions
 b - 4 potions of lignification {!q}
 h - a potion of attraction {unknown}
 l - 2 potions of brilliance
 o - 4 potions of mutation {!q}
 p - 4 potions of might
 s - 2 potions of resistance
 t - 3 potions of heal wounds {@q2}
 u - 4 potions of degeneration {unknown}
 z - a potion of cancellation {unknown}
 A - 2 potions of invisibility {unknown}
 B - 2 potions of haste {unknown}
 D - 2 potions of curing {unknown}
 N - 2 potions of ambrosia {unknown}

Dungeon Overview and Level Annotations

Branches:
Dungeon (11/15)            Temple (1/1) D:5             Orc (0/2) D:9
   Lair: D:8-11

Altars:
Ashenzari
Cheibriados
Dithmenos
Elyvilon
Fedhas
Gozag
Hepliaklqana
Kikubaaqudgha
Makhleb
Nemelex Xobeh
Okawaru
Qazlal
Ru
Sif Muna
Trog
Uskayaw
Vehumet
Wu Jian
Xom
Yredelemnul
Zin
The Shining One

Shops:
D:3 (   D:6 *   D:8 [   D:10 (

Annotations:
D:3 2 transporters, diceflayer's ghost, amateur DsFi

▒▒▒▒▒ ▒...▒ ▒▒▒▒▒ ▒...▒
▒▒▒▒▒▒...▒ ▒▒▒▒...▒
▒......▒.▒ ▒......▒ ▒
▒......▒.▒ ▒.▒▒...▒ ▒
▒......▒.▒▒▒.▒....▒ ▒
▒....l[l...▒.▒....▒▒▒▒▒
▒....SsT...............
▒....YS▒......<▒▒'▒▒▒▒▒
▒........▒▒▒.▒.▒.....▒▒
▒......(..........>..▒▒
▒▒▒▒▒▒▒▒..▒▒▒▒▒▒))...▒
▒<▒▒...▒......▒▒▒▒▒
▒†▒..▒.▒.▒▒▒▒▒▒ ▒..
▒.▒..▒.▒.▒ ▒..
▒.▒..▒.▒.▒▒▒▒▒▒▒▒..


You could see a yak, a troll, a basilisk, 2 water moccasins and a wyvern.


Message History

* * * LOW HITPOINT WARNING * * *
The water moccasin barely misses you. The water moccasin bites you.
* * * LOW HITPOINT WARNING * * *
The wyvern bites you but does no damage.
The water moccasin barely misses you. The water moccasin barely misses you.
The basilisk barely misses you. The troll bites you!
* * * LOW HITPOINT WARNING * * *
The troll claws you!
* * * LOW HITPOINT WARNING * * *
The troll claws you.
* * * LOW HITPOINT WARNING * * *
The yak gores you!
* * * LOW HITPOINT WARNING * * *
The wyvern bites you.
* * * LOW HITPOINT WARNING * * *
The water moccasin bites you. The water moccasin bites you!
* * * LOW HITPOINT WARNING * * *
The wyvern bites you. The basilisk bites you!
* * * LOW HITPOINT WARNING * * *
The troll bites you!
* * * LOW HITPOINT WARNING * * *
The troll claws you!
* * * LOW HITPOINT WARNING * * *
The troll claws you!
You die...

Action                   |  1- 3 |  4- 6 |  7- 9 | 10-12 || total
-------------------------+-------+-------+-------+-------++-------
Melee: Unarmed           |    78 |   160 |   255 |   570 ||  1063
       Headbutt          |     6 |    24 |       |       ||    30
       Kick              |    13 |    27 |       |       ||    40
       Punch             |     2 |     3 |     4 |     2 ||    11
 Cast: Beastly Appendage |    17 |    25 |       |       ||    42
       Spider Form       |     4 |     5 |    34 |    50 ||    93
       Wereblood         |     1 |     1 |     5 |    22 ||    29
Invok: Heroism           |       |       |     3 |    20 ||    23
 Abil: Hop               |       |       |       |     1 ||     1
       End Transformatio |       |       |       |     3 ||     3
Evoke: Wand              |       |     5 |       |       ||     5
  Use: Scroll            |       |       |       |    14 ||    14
       Potion            |       |       |       |     2 ||     2
 Stab: Sleeping          |     1 |     1 |     1 |     2 ||     5
Armor: Robe              |    11 |    37 |    14 |       ||    62
       Skin              |       |     1 |     4 |    10 ||    15
       Troll leather arm |       |       |       |    13 ||    13
Dodge: Dodged            |    54 |   100 |   204 |   582 ||   940

Levels and vault maps discovered:
D:1:      spicycebolla_green_bress_n_ham_2, layout_basic
D:2:      layout_basic, kennysheep_generic_room_6, uniq_robin, uniq_jessica
D:3:      minmay_diamond_boxcup, layout_basic, tso_metal_star,
          grunt_gozag_breadcrumbs, gammafunk_ghost_mausoleum, serial_shops,
          shop, uniq_natasha, uniq_ijyb, uniq_terence
D:4:      layout_cave_pods, st_stairs_8
D:5:      layout_basic, minmay_temple_entry_large_hall, serial_bayou_lagoon_b,
          uniq_blork_the_orc
D:6:      layout_basic, serial_shops, shop, uniq_sigmund
D:7:      nzn_winding_woodlands_stair_cross
          [nzn_winding_woodlands_5x15_lazy_stream,
          nzn_winding_woodlands_center_garden,
          nzn_winding_woodlands_5x15_garden, nzn_winding_woodlands_5x5_cross,
          nzn_winding_woodlands_5x5_checkerboard,
          nzn_winding_woodlands_5x15_longhouse,
          nzn_winding_woodlands_center_lodge,
          nzn_winding_woodlands_5x15_split_checker], layout_basic,
          nicolae_hepliaklqana_monster_ancestors, kennysheep_generic_room_7,
          uniq_crazy_yiuf_cottage
D:8:      layout_loops_ring, grunt_temple_overflow_order_and_chaos_1,
          nzn_wu_jian_council_hall, kennysheep_little_box, serial_shops, shop,
          solitary_fountain, uniq_maurice
D:9:      kennysheep_seaside_town, layout_stronghold, david_orc_5,
          hangedman_abyss_or_decor_stabs
D:10:     layout_basic, serial_shops, nicolae_shop_bloodbath_and_beyond,
          uniq_harold, uniq_erolcha
D:11:     layout_rooms, minmay_lair_entry_grove
Temple:   nicolae_temple_no_exploring_needed

Notes
Turn   | Place    | Note
-------+----------+-------------------------------------------
     0 | D:1      | sanka the Barachi Transmuter began the quest for the Orb.
     0 | D:1      | Reached XP level 1. HP: 15/15 MP: 3/3
    71 | D:1      | Reached XP level 2. HP: 17/21 MP: 3/5
   155 | D:1      | Reached skill level 1 in Poison Magic
   557 | D:1      | Reached XP level 3. HP: 18/26 MP: 4/6
   816 | D:1      | Reached skill level 3 in Transmutations
   945 | D:2      | Learned a level 2 spell: Wereblood
   949 | D:2      | Learned a level 3 spell: Spider Form
   971 | D:2      | Noticed Robin
  1273 | D:2      | Killed Robin
  1274 | D:2      | Reached skill level 2 in Poison Magic
  1406 | D:2      | Reached XP level 4. HP: 32/32 MP: 6/8
  1426 | D:2      | Noticed Jessica
  1430 | D:2      | Killed Jessica
  1621 | D:2      | Reached skill level 3 in Spellcasting
  1694 | D:2      | Reached skill level 3 in Poison Magic
  1694 | D:2      | Reached XP level 5. HP: 37/37 MP: 7/9
  1738 | D:2      | Reached skill level 4 in Transmutations
  2086 | D:3      | Found Ceogun's Weapon Shop.
  2106 | D:3      | Noticed Natasha
  2113 | D:3      | Killed Natasha
  2170 | D:3      | Found a transporter.
  2170 | D:3      | Noticed diceflayer's ghost (amateur DsFi)
  2266 | D:3      | Found a glowing golden altar of the Shining One.
  2422 | D:3      | Noticed Ijyb
  2436 | D:3      | Killed Ijyb
  2437 | D:3      | Reached skill level 5 in Transmutations
  2524 | D:3      | Found a transporter.
  2592 | D:3      | Reached XP level 6. HP: 43/43 MP: 8/10
  2796 | D:3      | Noticed a black bear
  2805 | D:3      | Killed a black bear
  2806 | D:3      | Reached skill level 6 in Transmutations
  2817 | D:3      | Noticed Natasha
  2830 | D:3      | Killed Natasha
  2834 | D:3      | Noticed Natasha
  2845 | D:3      | Killed Natasha
  2846 | D:3      | Reached skill level 4 in Unarmed Combat
  2883 | D:3      | Noticed Terence
  2886 | D:3      | Found an opulent altar of Gozag.
  2893 | D:3      | Killed Terence
  3303 | D:4      | Reached XP level 7. HP: 40/48 MP: 11/11
  3450 | D:7      | Reached skill level 5 in Unarmed Combat
  3679 | D:7      | Reached skill level 6 in Unarmed Combat
  3830 | D:7      | Noticed a shadow
  3898 | D:7      | Reached skill level 7 in Unarmed Combat
  4110 | D:6      | Reached XP level 8. HP: 54/54 MP: 8/12
  4185 | D:6      | Found Osoeref's General Store.
  4276 | D:6      | Reached skill level 8 in Unarmed Combat
  4458 | D:6      | Noticed Sigmund
  4475 | D:6      | Killed Sigmund
  4812 | D:6      | Reached skill level 9 in Unarmed Combat
  5087 | D:6      | Reached skill level 10 in Unarmed Combat
  5268 | D:6      | Reached skill level 2 in Fighting
  5551 | D:5      | Entered Level 5 of the Dungeon
  5574 | D:5      | Reached skill level 3 in Dodging
  5589 | D:5      | Reached XP level 9. HP: 54/62 MP: 11/13
  5595 | D:5      | Reached skill level 3 in Fighting
  5685 | D:5      | Found a staircase to the Ecumenical Temple.
  5688 | D:5      | Noticed Blork the orc
  5699 | Temple   | Entered the Ecumenical Temple
  5706 | Temple   | Became a worshipper of Warmaster Okawaru
  5737 | D:5      | Killed Blork the orc
  5738 | D:5      | Reached skill level 4 in Fighting
  5738 | D:5      | Reached skill level 4 in Dodging
  6412 | D:5      | Reached skill level 5 in Fighting
  6412 | D:5      | Reached skill level 5 in Dodging
  6419 | D:5      | Reached * piety under Okawaru
  7208 | D:7      | Noticed a troll
  7219 | D:7      | Killed a troll
  7220 | D:7      | Reached skill level 1 in Invocations
  7321 | D:7      | Reached skill level 6 in Fighting
  7393 | D:7      | Noticed a hornet
  7405 | D:7      | Reached skill level 6 in Dodging
  7406 | D:7      | Killed a hornet
  7407 | D:7      | Reached skill level 2 in Invocations
  7430 | D:7      | Reached XP level 10. HP: 77/77 MP: 8/15
  7508 | D:7      | Noticed a two-headed ogre
  7522 | D:7      | Killed a two-headed ogre
  7522 | D:7      | Reached ** piety under Okawaru
  7523 | D:7      | Reached skill level 7 in Fighting
  7523 | D:7      | Reached skill level 4 in Spellcasting
  7523 | D:7      | Reached skill level 3 in Invocations
  7537 | D:7      | Noticed a deep elf pyromancer
  7619 | D:7      | Killed a deep elf pyromancer
  7620 | D:7      | Reached skill level 7 in Dodging
  7620 | D:7      | Reached skill level 7 in Transmutations
  7708 | D:7      | Noticed a two-headed ogre
  7719 | D:7      | Killed a two-headed ogre
  7722 | D:7      | Reached *** piety under Okawaru
  7724 | D:7      | Noticed a purple ugly thing
  7729 | D:7      | Reached skill level 5 in Spellcasting
  7736 | D:7      | Killed a purple ugly thing
  7737 | D:7      | Reached skill level 8 in Fighting
  7737 | D:7      | Reached skill level 4 in Invocations
  7802 | D:7      | Reached skill level 8 in Transmutations
  7805 | D:7      | Identified the +1 ring mail of the Blessed Realm {rPois rC+
                  | rCorr Int-5}
  7962 | D:7      | Reached XP level 11. HP: 86/86 MP: 14/18
  8094 | D:7      | Reached skill level 8 in Dodging
  8129 | D:7      | HP: 5/86 [ice beast (11)]
  8130 | D:7      | Gained mutation: Your mind is acute. (Int +4, Str/Dex -1)
                  | [potion of mutation]
  8130 | D:7      | Gained mutation: You possess an exceptional clarity of
                  | mind. [potion of mutation]
  8130 | D:7      | Gained mutation: Your flesh is heat resistant. (rF+)
                  | [potion of mutation]
  8144 | D:7      | Identified 2 scrolls of acquirement
  8177 | D:7      | Acquired 996 gold pieces
  8320 | D:7      | Found a runed translucent door.
  8321 | D:7      | Noticed Crazy Yiuf
  8509 | D:7      | Found a hazy altar of Hepliaklqana.
  8582 | D:7      | Identified +0 steam dragon scales
  8766 | D:7      | Killed Crazy Yiuf
  9005 | D:8      | Found Pyawulext's Antique Armour Emporium.
  9010 | D:8      | Bought an embroidered robe for 85 gold pieces
  9028 | D:8      | Found a broken altar of Ashenzari.
  9061 | D:8      | Found a glowing silver altar of Zin.
  9061 | D:8      | Noticed an angel
  9081 | D:7      | Reached skill level 9 in Transmutations
  9163 | D:8      | Found a shimmering altar of Xom.
  9251 | D:8      | Reached **** piety under Okawaru
  9270 | D:8      | Reached skill level 9 in Dodging
  9340 | D:8      | Noticed Maurice
  9381 | D:7      | Killed Maurice
  9442 | D:8      | Found an ornate altar of the Wu Jian Council.
  9629 | D:8      | Killed an angel
 10300 | D:9      | Reached skill level 10 in Transmutations
 10454 | D:9      | Found a staircase to the Orcish Mines.
 10475 | D:9      | Reached skill level 10 in Dodging
 10720 | D:9      | Received a gift from Okawaru
 10876 | D:9      | Reached skill level 11 in Unarmed Combat
 11156 | D:10     | Entered Level 10 of the Dungeon
 11290 | D:10     | Noticed Erolcha
 11309 | D:10     | Killed Erolcha
 11309 | D:10     | Reached ***** piety under Okawaru
 11454 | D:10     | Noticed Harold
 11464 | D:10     | Killed Harold
 11465 | D:10     | Reached skill level 12 in Unarmed Combat
 11465 | D:10     | Reached XP level 12. HP: 65/92 MP: 15/19
 11528 | D:10     | Found Koruul's Weapon Emporium.
 11701 | D:10     | Noticed a two-headed ogre
 11712 | D:10     | Killed a two-headed ogre
 11794 | D:10     | Reached skill level 13 in Unarmed Combat
 11952 | D:10     | HP: 7/92 [troll (3)]
 11952 | D:10     | HP: 2/92 [troll (5)]
 11952 | D:10     | Slain by a troll

Vanquished Creatures
  Harold (D:10)
  Erolcha (D:10)
  3 two-headed ogres
  A deep elf pyromancer (D:7)
  An ugly thing (D:7)
  Maurice (D:7)
  A gargoyle (D:10)
  A troll (D:7)
  A hornet (D:7)
  2 slime creatures (D:7)
  Sigmund (D:6)
  5 yaks
  A shadow (D:7)
  A wraith (D:10)
  3 wyverns
  9 vampire mosquitoes (D:10)
  A steam dragon (D:7)
  An acid dragon (D:9)
  4 water moccasins
  12 orc warriors
  3 ice beasts
  5 black bears
  A sky beast (D:6)
  7 ogres
  8 centaurs
  Blork the orc (D:5)
  5 kobold brigands
  5 bullfrogs
  3 gnoll sergeants
  4 necrophages
  5 scorpions
  8 wights
  2 howler monkeys (D:7)
  6 hounds
  Crazy Yiuf (D:7)
  2 jellies
  12 orc priests
  7 gnoll boudas
  Terence (D:3)
  Jessica (D:2)
  Ijyb (D:3)
  2 iguanas
  11 orc wizards
  Natasha (thrice) (D:3)
  Robin (D:2)
  25 gnolls
  9 adders
  A shadow imp (D:7)
  2 white imps
  5 ufetubi
  A worm (D:2)
  5 dart slugs
  47 orcs
  9 ball pythons
  8 bats
  14 endoplasms
  15 goblins
  12 hobgoblins
  24 kobolds
  4 quokkas
  3 frilled lizards
  9 rats
  A spectral kobold (D:7)
350 creatures vanquished.

Vanquished Creatures (others)
  An angel (D:8)
  6 fungi
  38 plants
45 creatures vanquished.

Grand Total: 395 creatures vanquished
